 Dungeon Crawl Stone Soup version 0.31-a0-1134-gb247575874 (webtiles) character file.

Game seed: 7963428281705231755

39926 Milesaru the Necromancer (level 13, -13/79 HPs)
             Began as a Demonspawn Necromancer on Dec 5, 2023.
             Was a Follower of Yredelemnul.
             Mangled by Wiebster667's ghost (21 damage)
             ... on level 5 of the Lair of Beasts.
             The game lasted 04:02:34 (14931 turns).

Milesaru the Necromancer (Demonspawn Necromancer)  Turns: 14931, Time: 04:02:45

Health: -13/79     AC:  9    Str:  9    XL:     13   Next: 71%
Magic:  38/38      EV: 20    Int: 21    God:    Yredelemnul [*.....]
Gold:   487        SH:  0    Dex: 13    Spells: 14/36 levels left

rFire   . . .        r - +0 dagger (pain)
rCold   . . .        (no shield)
rNeg    . . .        K - +2 steam dragon scales
rPois   .            d - +1 hat
rElec   +            B - +0 cloak
rCorr   .            (no gloves)
SInv    .            (no boots)
Will    .....        T - amulet of magic regeneration
Stlth   ++           E - ring "Naiduzau" {rElec EV+5}
HPRegen 0.33/turn    i - ring of magical power
MPRegen 0.92/turn

%: no passive effects
@: attractive
A: claws 2, hooves 2, foul stench 2, magic regeneration, weakness stinger 1
a: Renounce Religion, Recall Undead Harvest


You were on level 5 of the Lair of Beasts.
You worshipped Yredelemnul.
Yredelemnul was noncommittal.
You visited 3 branches of the dungeon, and saw 16 of its levels.

You collected 810 gold pieces.
You spent 323 gold pieces at shops.

Inventory:

Hand Weapons
 c - a +3 dagger
 r - a +0 dagger of pain (weapon)
 G - a +1 dagger of distortion
 L - a +0 broad axe of flaming
Missiles
 o - 25 boomerangs
 t - 20 poisoned darts
 H - 4 curare-tipped darts
Armour
 d - a +1 hat (worn)
 e - a +0 pair of gloves
 z - a +2 leather armour of poison resistance
 B - a +0 cloak (worn)
 K - +2 steam dragon scales (worn)
 P - the +2 ring mail "Madwyxt" {Rampage Drain rElec Str+8}
   (You found it on level 4 of the Lair of Beasts)

   Str+8:     It affects your strength (+8).
   rElec:     It insulates you from electricity.
   Drain:     It drains your maximum health when unequipped.
   Rampage:   It bestows one free step when moving towards enemies.
Jewellery
 a - a ring of fire
 h - a ring of flight
 i - a ring of magical power (right claw)
 n - a +4 ring of protection
 x - a ring of protection from fire
 A - a ring of willpower
 D - a ring of fire
 E - the ring "Naiduzau" (left claw) {rElec EV+5}
   (You found it on level 9 of the Dungeon)

   [ring of evasion]

   EV+5:      It affects your evasion (+5).
   rElec:     It insulates you from electricity.
 J - a ring of ice
 Q - a +4 ring of slaying
 T - an amulet of magic regeneration (around neck)
Wands
 y - a wand of charming (4)
Scrolls
 f - 2 scrolls of fog
 g - 2 scrolls of butterflies
 j - 3 scrolls of vulnerability
 p - 3 scrolls of teleportation
 s - a scroll of identify
 u - a scroll of noise
 w - 2 scrolls of immolation
 C - 2 scrolls of poison
 I - a scroll of revelation
 M - a scroll of brand weapon
 R - 2 scrolls of enchant weapon {unknown}
Potions
 b - a potion of magic
 k - a potion of lignification
 m - 2 potions of curing
 q - a potion of degeneration
 v - a potion of mutation
 F - a potion of brilliance
 N - 2 potions of enlightenment
 O - 3 potions of might
 S - a potion of attraction


   Skills:
 + Level 2.0 Short Blades
 * Level 8.3 Dodging
 - Level 2.7 Stealth
 + Level 12.1 Spellcasting
 - Level 1.4 Hexes
 * Level 18.6 Necromancy
 + Level 0.1 Ice Magic
 + Level 0.4 Air Magic
 + Level 0.2 Poison Magic
 * Level 7.3 Invocations
 + Level 0.9 Evocations


You had 14 spell levels left.
You knew the following spells:

 Your Spells              Type           Power      Damage    Failure   Level
a - Necrotise             Necr           100%       1d9       0%          1
b - Vampiric Draining     Necr           74%        2d11      0%          3
c - Ensorcelled Hibernat  Hex/Ice        32%        N/A       6%          2
d - Agony                 Necr           74%        N/A       1%          5
e - Anguish               Hex/Necr       26%        N/A       1%          4
f - Poisonous Vapours     Pois/Air       28%        N/A       7%          2
g - Scorch                Fire           24%        2d6       8%          2
h - Tukima's Dance        Hex            18%        N/A       9%          3

Your spell library contained the following spells:

 Spells                   Type           Power      Damage    Failure   Level
 Jinxbite                 Hex            36%        N/A       4%          2
 Foxfire                  Conj/Fire      48%        2x1d6     5%          1
 Static Discharge         Conj/Air       26%        3-5/arc   7%          2
 Inner Flame              Hex/Fire       15%        N/A       12%         3
 Mephitic Cloud           Conj/Pois/Air  13%        N/A       14%         3
 Flame Wave               Conj/Fire      12%        2d6       45%         4
 Passage of Golubria      Tloc           12%        N/A       45%         4
 Sticky Flame             Conj/Fire      12%        2d4       45%         4
 Silence                  Hex/Air        8%         N/A       69%         5
 Freezing Cloud           Conj/Ice/Air   6%         6-21      80%         5
 Summon Cactus Giant      Summ           6%         N/A       100%        6
 Lehudib's Crystal Spear  Conj/Erth      6%         10d3      100%        8
 Animate Dead             Necr           Unusable   N/A       N/A         4

Dungeon Overview and Level Annotations

Branches:
Dungeon (10/15)            Temple (1/1) D:4            Lair (5/5) D:10
  Swamp (0/4) Lair:2       Spider (0/4) Lair:3        Slime (0/5) Lair:5
    Orc: D:9-12

Altars:
Ashenzari
Cheibriados
Dithmenos
Fedhas
Gozag
Hepliaklqana
Kikubaaqudgha
Makhleb
Nemelex Xobeh
Okawaru
Qazlal
Ru
Sif Muna
Trog
Uskayaw
Vehumet
Wu Jian
Xom
Yredelemnul
Jiyva

Shops:
D:5 *   D:8 *   D:9 *

Annotations:
D:3 Grinder
D:6 Blork the orc
Lair:2 3 runed translucent doors, Jutic's ghost, journeyman TrFi
Lair:5 Wiebster667's ghost, journeyman TrFi


Innate Abilities, Weirdness & Mutations

You have very sharp fingernails.
You have hoof-like feet.
You sometimes emit foul miasma when damaged in melee.
You regenerate magic rapidly.
You have a small tail.


Message History

Aim: Wiebster667's ghost (black smoke, heavily damaged, weak-willed, ally target, anguished, chance to affect: 50%) Wiebster667's ghost's mind is blasted.
The now-empty wand crumbles to dust.
Casting: Scorch (safe; 8% risk of failure)
Press: ? - help, Q - select action, (/) - cycle Dir - look around, f - activate Flames lash Wiebster667's ghost but do no damage.
Casting: Scorch (safe; 8% risk of failure)
Confirm with . or Enter, or press ? or * to list all spells.
Flames lash Wiebster667's ghost.
Wiebster667's ghost is severely damaged.
Wiebster667's ghost's fire resistance burns away.
Wiebster667's ghost attacks as it pursues you!
Wiebster667's ghost hits you!!
Wiebster667's ghost is wracked by anguish!!
Wiebster667's ghost attacks as it pursues you!
Wiebster667's ghost hits you!
* * * LOW HITPOINT WARNING * * *
Wiebster667's ghost is wracked by anguish!
Your phantasmal warrior gestures at Wiebster667's ghost.
Your phantasmal warrior blinks!
Aiming: Necrotise (safe; 0% risk of failure)
Press: ? - help, Q - select action, (/) - cycle Shift-Dir - straight line, f - Wiebster667's ghost
Aim: Wiebster667's ghost (almost destroyed, weak-willed, more vulnerable to fire, ally target, anguished, not susceptible)
Okay, then.
You hit Wiebster667's ghost.
You tail-slap Wiebster667's ghost, but do no damage.
Wiebster667's ghost is almost destroyed.
Wiebster667's ghost is no longer more vulnerable to fire.
Wiebster667's ghost hits you but does no damage.
You hit Wiebster667's ghost but do no damage.
You kick Wiebster667's ghost, but do no damage.
Wiebster667's ghost is almost destroyed.
Your yak zombie gores Wiebster667's ghost but does no damage.
Wiebster667's ghost misses you.
It was a potion of attraction.
You feel attractive to monsters.
Your phantasmal warrior gestures at Wiebster667's ghost.
Your phantasmal warrior blinks!
Wiebster667's ghost hits you!!
You die...
Your body rises from the dead as a mindless zombie.

#. (..### . ... #.##..#.#
.. ....#.......# ...
#./###'''###....
#...............
###...##...[......
#~.....#Z.W###....
.~#.....W..§......
~~.P~~..@....#........
♣~~~~#.....#.........
♣♣♣.~............... .#
♣P~P...####......# ...
♣♣~~...######.....###...
~♣♣♣~~~~..##.#P#.......#.#
~P~P~PP..................##
..P...................P....
#.~P.......................


You could see Wiebster667's ghost (weak-willed, ally target, anguished), a
friendly phantasmal warrior (summoned) and a friendly yak zombie.

Vanquished Creatures
  Sonja (Lair:1)
  Maurice (D:9)
  4 elephants
  3 black mambas
  9 cane toads
  A rime drake (Lair:1)
  6 komodo dragons
  A glass eye (Lair:5)
  4 blink frogs
  7 dream sheep
  12 yaks
  Sigmund (D:2)
  2 wyverns
  A steam dragon (D:8)
  Edmund (D:5)
  11 water moccasins
  3 orc warriors
  2 ice beasts
  3 black bears
  3 centaurs (D:9)
  An ogre (D:6)
  4 wolves (Lair:2)
  A dream sheep zombie (Lair:3)
  A kobold brigand (D:6)
  18 bullfrogs
  3 gnoll sergeants
  2 scorpions
  A wight (D:7)
  The ghost of nago the Sneak, a weakling DjDe (D:4)
  12 killer bees (D:9)
  2 howler monkeys
  A lava snake (D:7)
  3 jellies
  3 hounds
  A gnoll bouda (D:7)
  3 orc priests
  Natasha (thrice) (D:2)
  Terence (D:2)
  3 iguanas
  4 orc wizards
  9 gnolls
  5 adders
  A shadow imp (D:6)
  A human zombie (D:2)
  A worm (D:4)
  2 dart slugs
  21 orcs
  8 ball pythons
  4 bats
  8 endoplasms
  4 giant cockroaches
  11 goblins
  7 hobgoblins
  11 kobolds
  4 quokkas
  4 frilled lizards
  5 rats (D:1)
250 creatures vanquished.

Vanquished Creatures (collateral kills)
  A minotaur (Lair:5)
  A hydra (Lair:3)
  A pharaoh ant (Lair:3)
  Nergalle (Lair:1)
  A skyshark (Lair:3)
  An ugly thing (D:8)
  A wolf spider (Lair:5)
  2 black mambas
  An eye of devastation (Lair:5)
  5 elephants
  A torpor snail (Lair:5)
  Maggie (Lair:1)
  3 cane toads
  2 rime drakes
  3 blink frogs
  12 dream sheep
  A jumping spider (Lair:3)
  6 wyverns (Lair:5)
  3 basilisks
  11 yaks
  3 redbacks (Lair:5)
  A warg (Lair:5)
  7 water moccasins (Lair:5)
  A black bear (D:10)
  An ice beast (D:7)
  3 bullfrogs
  A scorpion (Lair:3)
  3 killer bees (D:9)
  An electric eel (Lair:4)
  An orc priest (D:7)
  A sleepcap (D:5)
  2 iguanas
  5 gnolls
  3 adders
  2 orcs (D:4)
  A goblin (D:3)
  A hobgoblin (D:9)
  A quokka (D:4)
  A ball python (D:3)
  A frilled lizard (D:3)
  A rat (D:1)
99 creatures vanquished.

Vanquished Creatures (others)
  2 hydras (Lair:3)
  A skyshark (Lair:3)
  2 elephants (Lair:3)
  A torpor snail (Lair:1)
  A spectral guardian serpent (Lair:5)
  A cane toad (Lair:5)
  A komodo dragon (Lair:2)
  A rime drake (Lair:3)
  A polar bear (Lair:3)
  A dream sheep (Lair:4)
  5 blink frogs
  5 yaks
  A basilisk (Lair:1)
  A skyshark zombie (Lair:3)
  3 cane toad zombies (Lair:2)
  2 elephant zombies (Lair:3)
  A wolf (Lair:5)
  A blink frog zombie (Lair:4)
  2 rime drake zombies
  2 wyvern zombies (Lair:5)
  7 water moccasin zombies
  A polar bear zombie (Lair:3)
  3 killer bees (D:9)
  2 yak zombies
  An electric eel (Lair:4)
  A howler monkey (D:8)
  A wolf zombie (Lair:2)
  7 bullfrog zombies
  A black bear zombie (D:7)
  A scorpion zombie (D:10)
  An orc wizard (D:9)
  9 killer bee zombies (D:9)
  An ice beast zombie (D:7)
  A hound zombie (D:5)
  A howler monkey zombie (D:8)
  A human zombie (D:5)
  3 gnolls
  4 adder zombies
  An orc (D:9)
  4 gnoll zombies
  3 ball python zombies
  A dart slug zombie (D:2)
  An endoplasm zombie (D:4)
  A frilled lizard zombie (D:3)
  7 goblin zombies
  2 hobgoblin zombies
  4 kobold zombies (D:6)
  16 orc zombies
  A quokka zombie (D:4)
  35 foxfires (Lair:2)
157 creatures vanquished.

Grand Total: 506 creatures vanquished

Notes
Turn   | Place    | Note
-------+----------+-------------------------------------------
     0 | D:1      | Milesaru the Demonspawn Necromancer began the quest for the
                  | Orb.
     0 | D:1      | Reached XP level 1. HP: 13/13 MP: 3/3
   276 | D:1      | Discovered your monstrous ancestry.
   276 | D:1      | Gained mutation: You have large cloven feet. [demonic
                  | ancestry]
   276 | D:1      | Reached XP level 2. HP: 19/19 MP: 1/5
   298 | D:1      | Reached skill level 5 in Necromancy
   929 | D:1      | Gained mutation: You may rarely emit foul miasma when
                  | damaged in melee. [demonic ancestry]
   929 | D:1      | Reached XP level 3. HP: 24/24 MP: 4/6
  1159 | D:2      | Found a basalt altar of Yredelemnul.
  1172 | D:2      | Became a worshipper of Yredelemnul the Dark
  1258 | D:2      | Noticed Sigmund
  1295 | D:2      | Killed Sigmund
  1296 | D:2      | Reached skill level 6 in Necromancy
  1296 | D:2      | Gained mutation: You regenerate magic rapidly. [demonic
                  | ancestry]
  1296 | D:2      | Reached XP level 4. HP: 24/30 MP: 4/9
  1296 | D:2      | Gained mutation: You have sharp fingernails. [demonic
                  | ancestry]
  1296 | D:2      | Reached XP level 5. HP: 28/35 MP: 4/10
  1300 | D:2      | Learned a level 3 spell: Vampiric Draining
  1312 | D:2      | Noticed Natasha
  1322 | D:2      | Killed Natasha
  1356 | D:2      | Noticed Natasha
  1370 | D:2      | Killed Natasha
  1442 | D:2      | Your ally Sigmund died
  1561 | D:2      | Noticed Terence
  1573 | D:2      | Killed Terence
  1574 | D:2      | Gained mutation: You have a small tail. [demonic ancestry]
  1574 | D:2      | Reached XP level 6. HP: 41/41 MP: 12/12
  1587 | D:2      | Noticed Natasha
  1609 | D:2      | Killed Natasha
  1834 | D:3      | Found a sparkling altar of Nemelex Xobeh.
  1942 | D:3      | Learned a level 2 spell: Ensorcelled Hibernation
  2010 | D:3      | Reached * piety under Yredelemnul
  2099 | D:3      | Noticed Grinder
  2099 | D:3      | Paralysed by Grinder for 2 turns
  2299 | D:4      | Found a runed translucent gate.
  2300 | D:4      | Found a runed translucent gate.
  2301 | D:4      | Found a runed translucent gate.
  2310 | D:4      | Noticed nago's ghost (weakling DjDe)
  2313 | D:4      | Reached skill level 7 in Necromancy
  2335 | D:4      | Found a staircase to the Ecumenical Temple.
  2355 | Temple   | Entered the Ecumenical Temple
  2841 | D:4      | Reached ** piety under Yredelemnul
  3170 | D:4      | Reached XP level 7. HP: 46/46 MP: 9/14
  3211 | D:4      | Killed nago's ghost
  3352 | D:5      | Entered Level 5 of the Dungeon
  3551 | D:5      | Found Keum's General Store.
  3561 | D:5      | Bought a potion of invisibility for 120 gold pieces
  3576 | D:5      | Noticed Edmund
  3580 | D:5      | Reached skill level 5 in Spellcasting
  3588 | D:5      | Killed Edmund
  3672 | D:5      | Reached skill level 8 in Necromancy
  3692 | D:5      | Your ally Edmund died
  4056 | D:6      | Reached XP level 8. HP: 52/52 MP: 16/16
  4946 | D:6      | Noticed Blork the orc
  5176 | D:7      | Reached skill level 9 in Necromancy
  5593 | D:7      | Identified the +1 leather armour of Articulation {rPois
                  | SInv}
  5618 | D:7      | Reached skill level 10 in Necromancy
  5702 | D:7      | Gained mutation: You have very sharp fingernails. [demonic
                  | ancestry]
  5702 | D:7      | Reached XP level 9. HP: 57/57 MP: 5/19
  6693 | D:8      | Learned a level 5 spell: Agony
  6698 | D:8      | Learned a level 4 spell: Anguish
  7072 | D:8      | Noticed a green ugly thing
  7146 | D:8      | Found a snail-covered altar of Cheibriados.
  7156 | D:8      | Found an ancient bone altar of Kikubaaqudgha.
  7158 | D:8      | Reached skill level 11 in Necromancy
  7163 | D:8      | Found an ornate altar of the Wu Jian Council.
  7166 | D:8      | Found a shadowy altar of Dithmenos.
  7169 | D:8      | Found a burning altar of Makhleb.
  7173 | D:8      | Found a shimmering blue altar of Sif Muna.
  7229 | D:8      | Found Wuyfups's Assorted Antiques.
  7328 | D:8      | Bought an embroidered hat for 203 gold pieces
  7480 | D:8      | Reached *** piety under Yredelemnul
  7612 | D:8      | Killed a green ugly thing
  7613 | D:8      | Reached skill level 5 in Dodging
  7613 | D:8      | Reached skill level 1 in Hexes
  7613 | D:8      | Reached skill level 12 in Necromancy
  7613 | D:8      | Reached **** piety under Yredelemnul
  7806 | D:9      | Reached XP level 10. HP: 63/63 MP: 21/21
  7961 | D:9      | Found Teliak's Changing Room.
  8042 | D:9      | Noticed Maurice
  8056 | D:9      | Something stole 14 poisoned darts
  8057 | D:9      | Something stole a ring of willpower
  8058 | D:9      | Killed Maurice
  8228 | D:9      | Identified the ring "Naiduzau" {rElec EV+5}
  8395 | D:9      | Reached skill level 13 in Necromancy
  8499 | D:9      | Reached skill level 1 in Short Blades
  9086 | D:10     | Entered Level 10 of the Dungeon
  9414 | D:10     | Found a staircase to the Lair.
  9488 | Lair:1   | Entered Level 1 of the Lair of Beasts
  9488 | Lair:1   | Noticed Sonja
  9494 | Lair:1   | Reached XP level 11. HP: 64/68 MP: 23/24
  9508 | Lair:1   | Killed Sonja
  9509 | Lair:1   | Reached skill level 14 in Necromancy
  9847 | Lair:1   | Noticed Maggie
  9851 | Lair:1   | Killed Maggie
 10458 | Lair:1   | Reached skill level 10 in Spellcasting
 10458 | Lair:1   | Reached skill level 15 in Necromancy
 10484 | Lair:1   | Reached ***** piety under Yredelemnul
 10524 | Lair:1   | Noticed Nergalle
 10532 | Lair:1   | Killed Nergalle
 10533 | Lair:1   | Reached skill level 1 in Invocations
 10694 | Lair:1   | Identified the +8 sling "Ysiwuke" {flame, Int+4}
 11082 | Lair:2   | Noticed Jutic's ghost (journeyman TrFi)
 11103 | Lair:2   | Found a runed translucent gate.
 11103 | Lair:2   | Found a runed translucent gate.
 11103 | Lair:2   | Found a runed translucent gate.
 11200 | Lair:2   | Found a staircase to the Swamp.
 11554 | Lair:2   | Gained mutation: You sometimes emit foul miasma when
                  | damaged in melee. [demonic ancestry]
 11554 | Lair:2   | Reached XP level 12. HP: 74/74 MP: 26/26
 11929 | Lair:3   | Noticed a four-headed hydra
 11941 | Lair:3   | HP: 3/74 [wyvern (4)]
 11943 | Lair:3   | HP: 1/74 [wyvern (1)]
 12195 | Lair:3   | Reached skill level 16 in Necromancy
 12205 | Lair:3   | Killed a four-headed hydra
 12345 | Lair:3   | Learned a level 2 spell: Poisonous Vapours
 12496 | Lair:3   | Found a hole to the Spider Nest.
 12499 | Lair:3   | Reached ****** piety under Yredelemnul
 12508 | Lair:3   | Reached skill level 5 in Invocations
 12644 | Lair:3   | Noticed a seven-headed hydra
 12648 | Lair:3   | Killed a seven-headed hydra
 12849 | Lair:3   | Noticed a five-headed hydra
 12853 | Lair:3   | Killed a five-headed hydra
 13089 | Lair:3   | Reached skill level 17 in Necromancy
 13527 | Lair:4   | Gained mutation: You have hoof-like feet. [demonic
                  | ancestry]
 13527 | Lair:4   | Reached XP level 13. HP: 52/79 MP: 28/28
 13672 | Lair:4   | Learned a level 2 spell: Scorch
 13678 | Lair:4   | Identified the +2 ring mail "Madwyxt" {Rampage Drain rElec
                  | Str+8}
 14145 | Lair:4   | Got the Encyclopedia of Captivating Force
 14150 | Lair:4   | Learned a level 3 spell: Tukima's Dance
 14547 | Lair:5   | Entered Level 5 of the Lair of Beasts
 14566 | Lair:5   | Reached skill level 18 in Necromancy
 14646 | Lair:5   | Found a viscous altar of Jiyva.
 14649 | Lair:5   | Found a staircase to the Slime Pits.
 14891 | Lair:5   | Found a runed translucent gate.
 14891 | Lair:5   | Found a runed translucent gate.
 14891 | Lair:5   | Found a runed translucent gate.
 14897 | Lair:5   | Noticed a minotaur
 14904 | Lair:5   | Noticed Wiebster667's ghost (journeyman TrFi)
 14915 | Lair:5   | Killed a minotaur
 14931 | Lair:5   | Mangled by Wiebster667's ghost

Illustrated notes

Levels and vault maps discovered:
D:1:      zelgadis_glass_arrival_small, layout_loops_ring, minmay_heptomino_w4
D:2:      layout_rooms, basic_altar, uniq_sigmund, uniq_natasha, uniq_terence
D:3:      layout_loops_cross, nemelex_xobeh_ov_fountains_minmay,
          kennysheep_boxes, uniq_crazy_yiuf_cottage, uniq_grinder
D:4:      layout_loops_ring, minmay_temple_entry_statues_fountains,
          gammafunk_ghost_split
D:5:      layout_rooms, serial_shops, shop, uniq_edmund
D:6:      wad_lake_hut, layout_layer_cave, uniq_duvessa, uniq_blork_the_orc
D:7:      layout_gridville, kennysheep_opposing_triangles
D:8:      layout_rooms, nicolae_overflow_hallway_of_the_gods, serial_shops,
          nicolae_inconvenience_store
D:9:      layout_loops_ring, enter_bailey_4, nicolae_benzene_ring,
          serial_bayou_pond_a, nicolae_transmutations_shop, grunt_ministairs_1,
          kennysheep_small_square, uniq_maurice
D:10:     layout_long_grid, tso_metal_star, grunt_lair_entry_orc_guard_hut,
          erik_orc_1, ebering_ghost_inner_flame,
          serial_library_hellmonk_long_bookcase, uniq_erica
Temple:   nicolae_temple_two_arcs
Lair:1:   layout_cave_pods, lemuel_old_faithful, grunt_megastairs_4, uniq_sonja,
          uniq_maggie, uniq_nergalle
Lair:2:   layout_loops_ring, minmay_swamp_entry_wisps, gammafunk_ghost_split,
          nicolae_lair_grove_arrangements, st_stairs_6, minmay_holes
Lair:3:   layout_cave_shapes, nicolae_spider_entry_lesser_pyramids,
          grunt_megastairs_3, infiniplex_staircase_pool_2
Lair:4:   layout_long_grid, serial_bayou_shore_a
Lair:5:   hangedman_lair_tendril_chambers, layout_regular_city,
          hangedman_lair_caniforms_friends, minmay_slime_entry_eyes,
          maelrawn_ghost_gauntlet_escape, st_stairs_7, serial_bayou_pond_c,
          chequers_serial_rivers_micro_c

Skill      XL: |  1  2  3  4  5  6  7  8  9 10 11 12 13 |
---------------+----------------------------------------+-----
Necromancy     | 5 6 7 8 10 12 13 15 17 18 | 18.6
Spellcasting   | 3 4 5 6 7 9 10 11 12 | 12.1
Dodging        | 2 3 5 6 7 8 |  8.3
Stealth        | 2 |  2.7
Hexes          | 1 |  1.4
Short Blades   | 1 2 |  2.0
Invocations    | 2 6 7 |  7.3
Ice Magic      | |  0.1
Air Magic      | |  0.4
Poison Magic   | |  0.2
Evocations     | |  0.9

Action                     |  1- 3 |  4- 6 |  7- 9 | 10-12 | 13-15 || total
---------------------------+-------+-------+-------+-------+-------++-------
  Melee: Dagger            |    14 |     5 |    54 |   119 |    83 ||   275
         Kick              |       |       |    25 |    57 |    39 ||   121
         Tailslap          |       |       |    14 |    38 |    16 ||    68
         Punch             |       |       |     1 |     4 |     1 ||     6
  Throw: Boomerang         |       |       |       |     1 |       ||     1
   Cast: Necrotise         |    47 |   106 |   171 |    92 |    27 ||   443
         Vampiric Draining |       |    11 |    51 |   157 |    31 ||   250
         Ensorcelled Hiber |       |     1 |     1 |     1 |       ||     3
         Anguish           |       |       |     7 |    51 |    13 ||    71
         Agony             |       |       |     4 |       |       ||     4
         Poisonous Vapours |       |       |       |     5 |       ||     5
         Scorch            |       |       |       |       |     2 ||     2
 Invoke: Recall Undead Har |       |       |     1 |     1 |       ||     2
         Dark Bargain      |       |       |       |     7 |     8 ||    15
         Bind Soul         |       |       |       |       |     1 ||     1
  Evoke: Wand              |       |       |     9 |     5 |     1 ||    15
    Use: Scroll            |     2 |     2 |     5 |     9 |     2 ||    20
         Potion            |       |     3 |     1 |     1 |     1 ||     6
   Stab: Sleeping          |       |       |     1 |     1 |       ||     2
         Distracted        |       |       |       |     2 |       ||     2
         Confused          |       |       |       |     1 |       ||     1
 Armour: Robe              |     9 |    23 |   105 |    69 |       ||   206
         Steam dragon scal |       |       |       |   126 |    58 ||   184
  Dodge: Dodged            |    18 |    28 |    67 |   224 |   103 ||   440

Table legend: (Time is in decaauts)
 A = Elapsed time spent in this place.
 B = Non-inter-level travel time spent in this place.
 C = Inter-level travel time spent in this place.
 D = Time resting spent in this place.
 E = Time spent auto-exploring this place.
 F = Levels seen in this place.
 G = Mean time per level.
                   A        B        C        D        E       F      G
               +--------+--------+--------+--------+--------+-----+--------+
         Total |  14975 |  14963 |     12 |   3532 |   3953 |  16 |  935.9 |
       Dungeon |   9486 |   9481 |      5 |   2101 |   3006 |  10 |  948.6 |
        Temple |      7 |      7 |      0 |      0 |      0 |   1 |    7.0 |
          Lair |   5481 |   5474 |      7 |   1431 |    946 |   5 | 1096.2 |
               +--------+--------+--------+--------+--------+-----+--------+

Top non-repeatable levels by time:
     D:7: 1716 daAuts
  Lair:1: 1608 daAuts
  Lair:3: 1484 daAuts
     D:9: 1282 daAuts
  Lair:4: 1156 daAuts
     D:6: 1154 daAuts
     D:4: 1152 daAuts
     D:1: 1149 daAuts
     D:8: 1118 daAuts
  Lair:2: 846 daAuts
     D:2: 704 daAuts
     D:5: 450 daAuts
    D:10: 400 daAuts
  Lair:5: 385 daAuts
     D:3: 357 daAuts
